 Dungeon Crawl Stone Soup version 0.28-a0-101-g18048e5a82 (webtiles) character file.

Game seed: 13101593538504561910

139 dduke234 the Cutter (level 5, 0/34 HPs)
             Began as a Kobold Monk on Aug 10, 2021.
             Was a Priest of Fedhas.
             Slain by an orc priest (11 damage)
             ... on level 3 of the Dungeon.
             The game lasted 00:05:01 (3151 turns).

dduke234 the Cutter (Kobold Monk)                   Turns: 3151, Time: 00:05:02

Health: 0/34       AC:  2    Str:  9    XL:     5   Next: 46%
Magic:  6/6        EV: 17    Int: 12    God:    Fedhas [***...]
Gold:   99         SH:  0    Dex: 17    Spells: 6/6 levels left

rFire   . . .      SeeInvis .   a - +0 short sword
rCold   . . .      Faith    .   (shield restricted)
rNeg    . . .      Spirit   .   b - +0 robe
rPois   .          Reflect  .   (no helmet)
rElec   .          Harm     .   (no cloak)
rCorr   .          Rampage  .   (no gloves)
Will    .....                   (no boots)
Stlth   ++++......              (no amulet)
HPRegen 0.11/turn               (no ring)
MPRegen 0.10/turn               (no ring)

@: no status effects
A: small, no large weapons, nightstalker 3, wild magic 1, no potion heal 1
a: Renounce Religion, Wall of Briars, Grow Ballistomycete


You were on level 3 of the Dungeon.
You worshipped Fedhas.
Fedhas was most pleased with you.
You visited 1 branch of the dungeon, and saw 3 of its levels.

You collected 99 gold pieces.

Inventory:

Hand Weapons
 a - a +0 short sword (weapon)
Armour
 b - a +0 robe (worn)
Scrolls
 c - 2 scrolls of amnesia
 d - 2 scrolls of vulnerability {unknown}
 e - a scroll of enchant weapon {unknown}
 h - a scroll of magic mapping
 j - 3 scrolls of identify {unknown}


   Skills:
 * Level 4.5 Fighting
 * Level 5.4 Short Blades
 + Level 0.9(1.3) Axes
 + Level 1.0(1.4) Maces & Flails
 + Level 0.9(1.3) Polearms
 + Level 1.0(1.4) Staves
 + Level 1.1(1.5) Slings
 + Level 1.1 Bows
 + Level 1.4 Crossbows
 + Level 1.6(2.0) Throwing
 + Level 0.9 Armour
 * Level 4.8 Dodging
 * Level 5.0 Stealth
 + Level 0.9 Shields
 + Level 1.1 Unarmed Combat
 + Level 1.1 Spellcasting
 + Level 1.4 Conjurations
 + Level 1.1 Hexes
 + Level 1.1 Summonings
 + Level 1.1 Necromancy
 + Level 1.1 Translocations
 + Level 1.1 Transmutations
 + Level 1.1 Fire Magic
 + Level 1.1 Ice Magic
 + Level 1.1 Air Magic
 + Level 1.1 Earth Magic
 + Level 1.1 Poison Magic
 + Level 1.2 Invocations
 + Level 1.4 Evocations


You had 6 spell levels left.
You didn't know any spells.
Your spell library contained the following spells:

 Spells                   Type           Power      Damage    Failure   Level
 Summon Small Mammal      Summ           16%        N/A       26%         1
 Call Canine Familiar     Summ           4%         N/A       58%         3
 Summon Guardian Golem    Hex/Summ       4%         N/A       58%         3


Dungeon Overview and Level Annotations

Branches:
Dungeon (3/15)

Altars:
Elyvilon
Fedhas

Shops:
D:3 ([


Innate Abilities, Weirdness & Mutations

You are small and have problems with some larger weapons.
You are completely attuned to the shadows.
Your spells are a little harder to cast, but a little more powerful.
Potions are less effective at restoring your health.


Message History

The orc is heavily wounded.
The orc priest calls down the wrath of Beogh upon you.
Beogh smites you! The orc barely misses you.
You barely miss the orc.
The orc is heavily wounded.
You barely miss the orc.
The orc is heavily wounded.
The orc priest mumbles some strange prayers to Beogh against you.
Beogh smites you! The orc barely misses you.
You are too injured to fight recklessly!
You are too injured to fight recklessly!
You are too injured to fight recklessly!
You are too injured to fight recklessly!
You are too injured to fight recklessly!
You are too injured to fight recklessly!
You hit the orc but do no damage.
The orc is heavily wounded.
The orc priest looks encouraged for a moment.
The orc hits you with a +0 club.
You hit the orc.
The orc is severely wounded.
The orc hits you with a +0 club.
It was a potion of magic.
Magic courses through your body. The orc barely misses you.
You hit the orc.
You kill the orc!
Fedhas appreciates your contribution to the ecosystem.
You hit the orc priest.
The orc priest is moderately wounded.
You hit the orc priest.
The orc priest is heavily wounded.
The orc priest hits you with a +0 flail.
You hit the orc priest.
The orc priest is severely wounded.
The orc priest barely misses you.
You closely miss the orc priest.
The orc priest is severely wounded.
The orc priest hits you with a +0 flail!
You die...
Fedhas appreciates your contribution to the ecosystem.

#######.#.....##.#.#####
##....#.#.######.#.#
##.##.#.#.# #.#.#
......#.#.# #.#.#
...####.#.# #.#
..).....#.# #.#
#########.# #.# #.# #o#
#.######@#.#
#........).#
########.### #.# #.# .#


You could see an orc priest.

Vanquished Creatures
  An iguana (D:2)
  3 adders (D:2)
  A dart slug (D:2)
  5 orcs (D:3)
  3 ball pythons
  5 endoplasms
  4 giant cockroaches
  4 goblins
  4 hobgoblins
  2 jackals (D:2)
  3 quokkas
  7 bats
  4 frilled lizards
  4 kobolds
  A rat (D:2)
51 creatures vanquished.

Notes
Turn   | Place    | Note
-------+----------+-------------------------------------------
     0 | D:1      | dduke234 the Kobold Monk began the quest for the Orb.
     0 | D:1      | Reached XP level 1. HP: 14/14 MP: 1/1
   198 | D:1      | Reached XP level 2. HP: 19/19 MP: 2/2
   308 | D:1      | Found a faded altar of an unknown god.
   353 | D:1      | Became a worshipper of Fedhas Madash
   353 | D:1      | Reached * piety under Fedhas
   353 | D:1      | Reached ** piety under Fedhas
   693 | D:1      | Gained mutation: Armour fits poorly on your strangely
                  | shaped body. [potion of mutation]
   693 | D:1      | Lost mutation: Armour fits poorly on your strangely shaped
                  | body. [potion of mutation]
   693 | D:1      | Gained mutation: Potions are less effective at restoring
                  | your health. [potion of mutation]
   693 | D:1      | Gained mutation: Your spells are a little harder to cast,
                  | but a little more powerful. [potion of mutation]
   696 | D:1      | Reached skill level 5 in Short Blades
   696 | D:1      | Reached skill level 1 in Maces & Flails
   696 | D:1      | Reached skill level 1 in Staves
   696 | D:1      | Reached skill level 1 in Slings
   696 | D:1      | Reached skill level 1 in Bows
   696 | D:1      | Reached skill level 1 in Crossbows
   696 | D:1      | Reached skill level 1 in Throwing
   696 | D:1      | Reached skill level 1 in Unarmed Combat
   696 | D:1      | Reached skill level 1 in Spellcasting
   696 | D:1      | Reached skill level 1 in Conjurations
   696 | D:1      | Reached skill level 1 in Hexes
   696 | D:1      | Reached skill level 1 in Summonings
   696 | D:1      | Reached skill level 1 in Necromancy
   696 | D:1      | Reached skill level 1 in Translocations
   696 | D:1      | Reached skill level 1 in Transmutations
   696 | D:1      | Reached skill level 1 in Fire Magic
   696 | D:1      | Reached skill level 1 in Ice Magic
   696 | D:1      | Reached skill level 1 in Air Magic
   696 | D:1      | Reached skill level 1 in Earth Magic
   696 | D:1      | Reached skill level 1 in Poison Magic
   696 | D:1      | Reached skill level 1 in Invocations
   696 | D:1      | Reached skill level 1 in Evocations
   696 | D:1      | Reached XP level 3. HP: 24/24 MP: 2/4
  1057 | D:2      | Reached *** piety under Fedhas
  1206 | D:2      | Reached XP level 4. HP: 25/30 MP: 5/5
  1477 | D:2      | Found a white marble altar of Elyvilon.
  1506 | D:2      | Reached XP level 5. HP: 34/34 MP: 6/6
  2021 | D:3      | Found Wykhluvya's Armour Boutique.
  2699 | D:3      | Found Woymnifei's Weapon Boutique.
  3135 | D:3      | Reached skill level 5 in Stealth
  3151 | D:3      | Slain by an orc priest

Illustrated notes

Levels and vault maps discovered:
D:1:      heliophobic_arrival_glass_houses, layout_loops_ring,
          chequers_ecumenical_altar_island, serial_bayou_crossing
D:2:      layout_basic, basic_altar, hangedman_abyss_or_decor_lesser_grid
D:3:      layout_basic, serial_shops, shop_fountains, shop_fountains

Skill      XL: |  1  2  3  4  5 |
---------------+----------------+-----
Stealth        | 4 5 |  5.0
Fighting       | 4 |  4.5
Short Blades   | 5 |  5.4
Maces & Flails | 1 |  1.0
Staves         | 1 |  1.0
Slings         | 1 |  1.1
Bows           | 1 |  1.1
Crossbows      | 1 |  1.4
Throwing       | 1 |  1.6
Dodging        | 4 |  4.8
Unarmed Combat | 1 |  1.1
Spellcasting   | 1 |  1.1
Conjurations   | 1 |  1.4
Hexes          | 1 |  1.1
Summonings     | 1 |  1.1
Necromancy     | 1 |  1.1
Translocations | 1 |  1.1
Transmutations | 1 |  1.1
Fire Magic     | 1 |  1.1
Ice Magic      | 1 |  1.1
Air Magic      | 1 |  1.1
Earth Magic    | 1 |  1.1
Poison Magic   | 1 |  1.1
Invocations    | 1 |  1.2
Evocations     | 1 |  1.4
Axes           | |  0.9
Polearms       | |  0.9
Armour         | |  0.9
Shields        | |  0.9

Action                   |  1- 3 |  4- 6 || total
-------------------------+-------+-------++-------
Melee: Short sword       |    61 |    90 ||   151
  Use: Potion            |     4 |     4 ||     8
       Scroll            |     3 |       ||     3
 Stab: Sleeping          |    10 |    16 ||    26
Armor: Robe              |     1 |     5 ||     6
Dodge: Dodged            |    47 |    45 ||    92

Table legend: (Time is in decaauts)
 A = Elapsed time spent in this place.
 B = Non-inter-level travel time spent in this place.
 C = Inter-level travel time spent in this place.
 D = Time resting spent in this place.
 E = Time spent auto-exploring this place.
 F = Levels seen in this place.
 G = Mean time per level.
                   A        B        C        D        E       F      G
               +--------+--------+--------+--------+--------+-----+--------+
         Total |   3126 |   3044 |     82 |      0 |   2685 |   3 | 1042.0 |
       Dungeon |   3126 |   3044 |     82 |      0 |   2685 |   3 | 1042.0 |
               +--------+--------+--------+--------+--------+-----+--------+

Top non-repeatable levels by time:
     D:3: 1179 daAuts
     D:1: 1069 daAuts
     D:2: 878 daAuts
